 Dungeon Crawl Stone Soup version 0.23.2-40-g277498a001 (webtiles) character file.

Game seed: 16544355860427243258

79 Aggronaut the Vexing (level 4, 0/30 HPs)
             Began as a Vampire Enchanter on Oct 21, 2019.
             Succumbed to an adder's poison
             ... on level 2 of the Dungeon.
             The game lasted 00:05:13 (2456 turns).

Aggronaut the Vexing (Vampire Enchanter)            Turns: 2456, Time: 00:05:14

Health: 0/30       AC:  3    Str:  8    XL:     4   Next: 16%
Magic:  7/7        EV: 12    Int: 17    God:
Gold:   107        SH:  0    Dex: 14    Spells: 6/7 levels left

rFire    . . .     SeeInvis +   k - -3 dagger (curse)
rCold    . . .     Gourm    .   (no shield)
rNeg     + . .     Faith    .   b - +1 robe
rPois    .         Spirit   .   (no helmet)
rElec    .         Reflect  .   (no cloak)
rCorr    .         Harm     .   (no gloves)
MR       .....                  (no boots)
Stlth    +++.......             (no amulet)
HPRegen  0.10/turn              (no ring)
MPRegen  0.10/turn              (no ring)

@: lethally poisoned (0 -> -2)
A: fangs 3, see invisible, unbreathing
a: Bat Form


You were on level 2 of the Dungeon.
You were not thirsty.

You visited 1 branch of the dungeon, and saw 2 of its levels.

You collected 107 gold pieces.

Inventory:

Hand Weapons
 a - a +1 dagger
 k - a cursed -3 dagger (weapon)
Armour
 b - a +1 robe (worn)
Jewellery
 g - an uncursed ring of stealth {unknown}
Scrolls
 e - a scroll of enchant armour
Potions
 d - 4 potions of blood
 f - a potion of might
 h - 3 potions of flight
 i - a potion of cancellation


   Skills:
 - Level 1.1 Short Blades
 - Level 2.1 Dodging
 + Level 5.7 Stealth
 - Level 2.0 Spellcasting
 * Level 6.5 Hexes


You had 6 spell levels left.
You knew the following spells:

 Your Spells              Type           Power        Failure   Level  Hunger
a - Corona                Hex            ###....      1%          1    #......

Your spell library contained the following spells:

 Spells                   Type           Power        Failure   Level  Hunger
 Confuse                  Hex            ###.....     3%          3    ###....
 Tukima's Dance           Hex            ###.....     3%          3    ###....
 Ensorcelled Hibernation  Hex/Ice        ##....       8%          2    ###....
 Dazzling Spray           Conj/Hex       ##....       16%         3    ###....


Dungeon Overview and Level Annotations

Branches:
Dungeon (2/15)

Altars:
Okawaru


Innate Abilities, Weirdness & Mutations

You have razor-sharp teeth.
You have supernaturally acute eyesight. (SInv)
You can survive without breathing.


Message History

The adder is severely wounded.
The adder bites you.
* * * LOW HITPOINT WARNING * * *
The adder bites you.
* * * LOW HITPOINT WARNING * * *
You hit the adder but do no damage.
The adder is severely wounded.
* * * LOW HITPOINT WARNING * * *
You feel sick. The adder closely misses you.
You hit the adder.
You kill the adder!
* * * LOW HITPOINT WARNING * * *
You feel sick.
Yummy - fresh blood!
Yummy - fresh blood!
Okay, then.
Okay, then.
* * * LOW HITPOINT WARNING * * *
You feel sick.
You die...

..............#......######
...........#......#..?.....
...........##.#...........#.
..............#.#...♣...#...
...........####....♣.♣....
##########........♣.♣.♣..
####...♣.♣.♣.♣ #..♣.♣._.♣.
#.@$♣.♣.♣.♣ #....♣.♣.♣..
#.....♣.♣... #..#...♣...#
#............ #$......######
#########


There were no monsters in sight!

Vanquished Creatures
  4 adders (D:2)
  An ooze (D:1)
  2 dart slugs (D:1)
  A leopard gecko (D:1)
  A bat (D:1)
  3 giant cockroaches
  5 goblins
  5 hobgoblins (D:1)
  4 kobolds
  6 frilled lizards
  3 rats
35 creatures vanquished.

Notes
Turn   | Place    | Note
-------+----------+-------------------------------------------
     0 | D:1      | Aggronaut the Vampire Enchanter began the quest for the
                  | Orb.
     0 | D:1      | Reached XP level 1. HP: 13/13 MP: 3/3
    68 | D:1      | Reached skill level 5 in Hexes
    68 | D:1      | Reached XP level 2. HP: 9/19 MP: 5/5
   658 | D:1      | Reached skill level 5 in Stealth
  1050 | D:1      | Reached XP level 3. HP: 24/24 MP: 6/6
  1756 | D:2      | Reached skill level 6 in Hexes
  1845 | D:2      | Reached XP level 4. HP: 9/30 MP: 7/7
  2412 | D:2      | Found an iron altar of Okawaru.
  2448 | D:2      | HP: 1/30 [poisoned by an adder]
  2456 | D:2      | Succumbed to an adder's poison

Skill      XL: |  1  2  3 |
---------------+----------+-----
Hexes          | 5 6 |  6.5
Stealth        | 5 |  5.7
Short Blades   | |  1.1
Dodging        | |  2.1
Spellcasting   | |  2.0

Action                   |  1- 3 |  4- 6 || total
-------------------------+-------+-------++-------
Melee: Dagger            |   216 |    26 ||   242
       Bite              |    20 |     2 ||    22
 Cast: Corona            |     1 |     2 ||     3
  Use: Scroll            |     7 |       ||     7
       Potion            |     2 |     5 ||     7
 Stab: Sleeping          |     8 |     1 ||     9
       Distracted        |     1 |       ||     1
Armor: Robe              |    54 |     5 ||    59
Dodge: Dodged            |   131 |    11 ||   142
